 Dungeon Crawl Stone Soup version 0.28.0-47-ge53b351184 (webtiles) character file.

Game seed: 817827361745405424

133 Kenran the Scratcher (level 4, 0/19 HPs)
             Began as a Felid Transmuter on May 3, 2022.
             Slain by a hobgoblin
             ... wielding the +11 dagger of Ragnarok {protect, rElec Dex+3}
              (13 damage)
             ... on level 4 of the Dungeon.
             The game lasted 00:08:22 (5025 turns).

Kenran the Scratcher (Felid Transmuter)             Turns: 5025, Time: 00:08:22

Health: 0/19       AC:  1    Str:  6    XL:     4   Next: 93%
Magic:  8/8        EV: 17    Int: 17    God:
Gold:   124        SH:  0    Dex: 16    Spells: 0/7 levels left
                                        Lives:  0   Deaths: 1

rFire   . . .      SeeInvis +     - Unarmed
rCold   . . .      Faith    .   (shield unavailable)
rNeg    . . .      Spirit   .   (armour unavailable)
rPois   .          Reflect  .   (helmet unavailable)
rElec   .          Harm     .   (cloak unavailable)
rCorr   .          Rampage  .   (gloves unavailable)
Will    .....                   (boots unavailable)
Stlth   ++........              (no amulet)
HPRegen 0.06/turn               (no ring)
MPRegen 0.11/turn               (no ring)

@: quick
A: very small, claws 1, fangs 3, see invisible, speed 1, shaggy fur 1, stealthy
paws, no weapons or thrown items, no armour, multi-lived
a: no special abilities


You were on level 4 of the Dungeon.
You visited 1 branch of the dungeon, and saw 4 of its levels.

You collected 124 gold pieces.

Inventory:

Scrolls
 b - 2 scrolls of identify {unknown}
 d - a scroll of enchant weapon {unknown}
 e - 2 scrolls of teleportation {unknown}
 j - a scroll of vulnerability {unknown}
Potions
 a - a potion of magic {unknown}
 c - a potion of curing {unknown}
 f - a potion of cancellation {unknown}
 g - a potion of attraction {unknown}
 h - a potion of brilliance {unknown}
 i - a potion of might {unknown}


   Skills:
 - Level 2.0 Fighting
 - Level 3.0 Dodging
 + Level 3.0 Stealth
 - Level 5.1 Unarmed Combat
 - Level 2.0 Spellcasting
 + Level 3.7 Transmutations


You couldn't memorise any spells.
You knew the following spells:

 Your Spells              Type           Power      Damage    Failure   Level
a - Beastly Appendage     Tmut           28%        N/A       4%          1
b - Spider Form           Tmut/Pois      8%         N/A       26%         3
c - Ice Form              Ice/Tmut       8%         N/A       65%         4

Your spell library contained the following spells:

 Spells                   Type           Power      Damage    Failure   Level
 Wereblood                Tmut           14%        N/A       6%          2
 Summon Small Mammal      Summ           4%         N/A       19%         1
 Call Canine Familiar     Summ           1%         N/A       50%         3
 Summon Guardian Golem    Hex/Summ       1%         N/A       50%         3


Dungeon Overview and Level Annotations

Branches:
Dungeon (4/15)
 Temple: D:4-7

Altars:
Ashenzari
Cheibriados
Fedhas


Innate Abilities, Weirdness & Mutations

You have sharp claws.
You have razor-sharp teeth.
You have supernaturally acute eyesight. (SInv)
You cover ground quickly. (Speed+)
You are covered in fur. (AC +1)
Your paws help you pounce on unaware monsters.
You are incapable of wielding weapons or throwing items.
You cannot wear armour.
You gain extra lives every three experience levels.


Message History

You start resting.
Your transformation is almost over.
Your horns disappear.
HP restored.
You see here a scorpion corpse.
Things that are here:
a +3 short sword; 5 stones; a kobold corpse
Found 3 gold pieces.
You now have 124 gold pieces (gained 8).
j - a scroll labelled IRPHOWARAWI A hobgoblin comes into view.
It is wielding the +11 dagger of Ragnarok {protect, rElec Dex+3} and quivering atropa-tipped darts.
Casting: Beastly Appendage (safe; 4% risk of failure)
Confirm with . or Enter, or press ? or * to list all spells.
The spell is extremely dangerous to miscast (26% risk of failure)!
Continue anyway?
You turn into a venomous arachnid creature.
The hobgoblin shouts!
You hit the hobgoblin but do no damage.
The hobgoblin is poisoned.
The hobgoblin hits you with the +11 dagger of Ragnarok {protect, rElec Dex+3}!
Ouch! That really hurt!
* * * LOW HITPOINT WARNING * * *
The hobgoblin throws an atropa-tipped dart.
The atropa-tipped dart misses you. The hobgoblin closely misses you.
You barely miss the hobgoblin.
The hobgoblin is lightly wounded.
The hobgoblin hits you with the +11 dagger of Ragnarok {protect, rElec Dex+3}.
You die...
Your shape twists and changes as you die.
You are now level 4!
Your transformation has ended.
You rejoin the land of the living...
You scratch the hobgoblin but do no damage.
You bite the hobgoblin, but do no damage.
The hobgoblin is heavily wounded.
The hobgoblin hits you with the +11 dagger of Ragnarok {protect, rElec Dex+3}.
You scratch the hobgoblin.
The hobgoblin is severely wounded.
The hobgoblin hits you with the +11 dagger of Ragnarok {protect, rElec Dex+3}!
Ouch! That really hurt!
You die...

#...............#...$.
#....#.....###..#....
#....#.....# #.....
#........#.###..#
##........)......# .
#<†.............###..
#.....#.†..............
#....####...........###
####.# ###g@........#
### #......###...#
##...#..#......
#............#
#...........###
.............#
..............#
#.#.............
####............


You could see a hobgoblin (poisoned).

Vanquished Creatures
  A scorpion (D:4)
  An iguana (D:3)
  A hound skeleton (D:4)
  3 gnolls (D:2)
  6 adders
  A worm (D:2)
  3 dart slugs
  An orc (D:3)
  6 ball pythons
  4 bats
  2 endoplasms (D:2)
  2 giant cockroaches
  6 goblins
  6 hobgoblins
  8 jackals
  5 quokkas
  4 frilled lizards
  6 kobolds
  5 rats
71 creatures vanquished.

Notes
Turn   | Place    | Note
-------+----------+-------------------------------------------
     0 | D:1      | Kenran the Felid Transmuter began the quest for the Orb.
     0 | D:1      | Reached XP level 1. HP: 9/9 MP: 4/4
    76 | D:1      | Reached skill level 1 in Stealth
   129 | D:1      | Reached XP level 2. HP: 11/12 MP: 4/6
   393 | D:1      | Found a faded altar of an unknown god.
  1055 | D:2      | Reached skill level 4 in Unarmed Combat
  1086 | D:2      | Found a snail-covered altar of Cheibriados.
  1110 | D:2      | Reached XP level 3. HP: 15/15 MP: 5/7
  1822 | D:2      | Reached XP level 4. HP: 19/19 MP: 8/8
  2396 | D:3      | Learned a level 3 spell: Spider Form
  3553 | D:3      | Reached skill level 5 in Unarmed Combat
  3647 | D:3      | Reached XP level 5. HP: 18/22 MP: 9/9
  3726 | D:3      | Found a broken altar of Ashenzari.
  3727 | D:3      | Found a blossoming altar of Fedhas.
  4784 | D:3      | Learned a level 4 spell: Ice Form
  5007 | D:4      | Identified the +11 dagger of Ragnarok {protect, rElec
                  | Dex+3}
  5020 | D:4      | Slain by a hobgoblin
  5021 | D:4      | Reached XP level 4. HP: 0/19 MP: 7/8
  5025 | D:4      | Slain by a hobgoblin

Illustrated notes

Levels and vault maps discovered:
D:1:      psy_arrival_conway, layout_loops_ring, serial_rivers,
          chequers_serial_rivers_micro_c, chequers_serial_rivers_micro_d,
          chequers_serial_rivers_large_a, chequers_serial_rivers_micro_b,
          hellmonk_ecumenical_altar_zigzags
D:2:      layout_basic, basic_altar
D:3:      wad_river_or_something, layout_loops_ring, nicolae_overflow_squiral
D:4:      layout_cave_pools, minmay_curled_crystal, uniq_ijyb

Skill      XL: |  1  2  3  4  5 |
---------------+----------------+-----
Stealth        | 1 2 3 |  3.0
Unarmed Combat | 4 5 |  5.1
Dodging        | 3 |  3.0
Transmutations | 3 |  3.7
Fighting       | 2 |  2.0
Spellcasting   | |  2.0

Action                   |  1- 3 |  4- 6 || total
-------------------------+-------+-------++-------
Melee: Unarmed           |   114 |    86 ||   200
       Headbutt          |    15 |     5 ||    20
       Bite              |    10 |    10 ||    20
       Punch             |     1 |     8 ||     9
 Cast: Beastly Appendage |    11 |     9 ||    20
       Spider Form       |       |     1 ||     1
 Stab: Sleeping          |     3 |    11 ||    14
Armor: Skin              |     4 |     4 ||     8
Dodge: Dodged            |    86 |    46 ||   132
